 Dungeon Crawl Stone Soup version 0.31.0-9-g3a7656b989 (webtiles) character file.

Game seed: 12198604634455728283

5434 qw the Nimble (level 10, -2/51 HPs)
             Began as a Spriggan Hunter on Feb 3, 2024.
             Was a Follower of Okawaru.
             Slain by a hornet (7 damage)
             ... while paralysed by a hornet
             ... on level 9 of the Dungeon.
             The game lasted 00:00:58 (7685 turns).

qw the Nimble (Spriggan Hunter)                     Turns: 7685, Time: 00:00:59

Health: -2/51      AC:  4    Str:  7    XL:     10   Next: 41%
Magic:  11/11      EV:  4    Int: 12    God:    Okawaru [*.....]
Gold:   450        SH:  0    Dex: 22    Spells: 9/9 levels left

rFire   . . .        a - +0 shortbow (drain)
rCold   . . .        (shield currently unavailable)
rNeg    . . .        g - +2 robe {Will+}
rPois   .            (helmet restricted)
rElec   .            (no cloak)
rCorr   .            (gloves unavailable)
SInv    +            (boots unavailable)
Will    ++...        (no amulet)
Stlth   ++           (no ring)
HPRegen 0.28/turn    (no ring)
MPRegen 0.12/turn

%: clarity
@: paralysed, slowed, very quick
A: very small, no large weapons, unfitting armour, see invisible, speed 3,
hooves 1, clarity
a: Renounce Religion, Heroism


You were on level 9 of the Dungeon.
You worshipped Okawaru.
Okawaru was aware of your devotion.
You visited 2 branches of the dungeon, and saw 10 of its levels.

You collected 489 gold pieces.
You spent 39 gold pieces at shops.


Innate Abilities, Weirdness & Mutations

You are very small and have problems with some larger weapons.
You are too small for most types of armour.
You have supernaturally acute eyesight. (SInv)
You cover ground extremely quickly. (Speed+++)
You have large cloven feet.
You possess an exceptional clarity of mind.


   Skills:
 - Level 5.1 Fighting
 - Level 13.0 Ranged Weapons
 + Level 13.3 Dodging
 - Level 1.5 Stealth
 + Level 0.3 Invocations


You had 9 spell levels left.
You didn't know any spells.
Your spell library was empty.

Inventory:

Hand Weapons
 a - a +0 shortbow of draining (weapon)
Armour
 g - a +2 robe of willpower (worn)
Wands
 d - a wand of paralysis (13)
Scrolls
 e - a scroll of teleportation
Potions
 b - 2 potions of might
 c - a potion of enlightenment
 f - 2 potions of curing
 h - a potion of mutation

Dungeon Overview and Level Annotations

Branches:
Dungeon (9/15)             Temple (1/1) D:6
   Lair: D:8-11         Orc: D:9-12

Altars:
Ashenzari
Cheibriados
Elyvilon
Fedhas
Gozag
Hepliaklqana
Kikubaaqudgha
Nemelex Xobeh
Okawaru
Qazlal
Ru
Sif Muna
Uskayaw
Vehumet
Wu Jian
Xom
Yredelemnul
Zin
The Shining One

Shops:
D:1 !!   D:4 :

Annotations:
D:6 3 runed translucent doors, qw's ghost, novice DEHu


Message History

You kill the killer bee!
Okawaru accepts your kill.
You feel sick.
The killer bee completely misses you. x2
You shoot an arrow. The arrow hits the killer bee.
You drain the killer bee.
The killer bee is moderately wounded.
You feel sick. The killer bee misses you.
You shoot an arrow. The arrow misses the killer bee.
The killer bee completely misses you. x2
You shoot an arrow.
The arrow closely misses the killer bee.
You feel sick. The killer bee stings you.
You are more poisoned.
The killer bee poisons you!
You shoot an arrow.
The arrow closely misses the killer bee.
You feel sick. The killer bee completely misses you.
You shoot an arrow. The arrow misses the killer bee.
You feel sick. The killer bee closely misses you.
The killer bee completely misses you.
You shoot an arrow. The arrow hits the killer bee.
The killer bee is heavily wounded.
You feel sick. The killer bee stings you.
You shoot an arrow.
The arrow closely misses the killer bee.
You feel sick. The killer bee closely misses you.
The killer bee completely misses you.
You shoot an arrow. The arrow hits the killer bee!
You kill the killer bee!
Okawaru accepts your kill.
You start resting.
You feel sick. x3
You are no longer poisoned.
A hornet comes into view.
You shoot an arrow. The hornet buzzes angrily.
The arrow hits the hornet but does no damage.
The hornet stings you!
You suddenly lose the ability to move!
The hornet stings you but does no damage.
The hornet stings you!
You feel yourself slow down. The hornet stings you!
You die...

.......<####### #....
........# ##... ........#
#.## ......... #.# .
....#+###+# #.# .h#
#####.....# #.# ....
####.~~~.#.# #.#
.....#.%#.....#.# #.#
......#y@.._..+.# #.#
.......%#..)..#.######'##
......###.~~~.#..........
..... #.)...#..........
.... #+###'#..........
..# #................ #
#######..........
#...#####.. #..## ##.


You could see a hornet.

Vanquished Creatures
  Jeremiah (D:8)
  A wyvern (D:8)
  6 yaks (D:9)
  A warg (D:9)
  Menkaure (D:5)
  2 water moccasins
  A sky beast (D:6)
  An ice beast (D:7)
  A black bear (D:5)
  2 ogres
  2 wolves (D:9)
  2 phantoms
  2 kobold brigands (D:8)
  Blork the orc (D:6)
  3 bullfrogs
  2 scorpions
  A gnoll sergeant (D:5)
  6 wights
  16 killer bees
  A bombardier beetle (D:5)
  3 hounds
  4 jellies
  3 gnoll boudas
  3 iguanas
  A sleepcap (D:5)
  Natasha (twice) (D:3)
  5 orc wizards
  8 adders
  23 gnolls
  A white imp (D:7)
  2 ufetubi (D:6)
  4 ribbon worms
  A dart slug (D:2)
  29 orcs
  9 ball pythons
  7 endoplasms
  6 giant cockroaches
  10 hobgoblins
  7 jackals
  17 kobolds
  4 quokkas
  6 bats
  8 frilled lizards
  8 goblins
  4 rats
228 creatures vanquished.

Vanquished Creatures (collateral kills)
  An ice beast (D:6)
1 creature vanquished.

Grand Total: 229 creatures vanquished

Notes
Turn   | Place    | Note
-------+----------+-------------------------------------------
     0 | D:1      | qw the Spriggan Hunter began the quest for the Orb.
     0 | D:1      | Reached XP level 1. HP: 10/10 MP: 2/2
     0 | D:1      | 0 ||| qw: Version: 0.3-a-155-g5e7d8dd
     0 | D:1      | 0 ||| qw: Game counter: 2946
     0 | D:1      | 0 ||| qw: Melee chars always use a shield: true
     0 | D:1      | 0 ||| qw: God list: Okawaru
     0 | D:1      | 0 ||| qw: Allow faded altars: false
     0 | D:1      | 0 ||| qw: Do Orc after clearing Dungeon:15 true
     0 | D:1      | 0 ||| qw: Do second Lair branch before Depths: true
     0 | D:1      | 0 ||| qw: Lair rune preference: random
     0 | D:1      | 0 ||| qw: Goals: Normal
     0 | D:1      | 0 ||| PLANNING D:1-11
    57 | D:1      | Reached skill level 3 in Dodging
   111 | D:1      | Reached XP level 2. HP: 14/14 MP: 3/3
   227 | D:1      | Found Idompaakh's Distillery.
   237 | D:1      | 237 ||| SHOPLISTING potion of curing (42 gold, have 39).
   237 | D:1      | 237 ||| SHOPLISTING potion of haste (140 gold, have 39).
   237 | D:1      | 237 ||| SHOPLISTING potion of heal wounds (70 gold, have
                  | 39).
   237 | D:1      | 237 ||| SHOPLISTING potion of mutation (112 gold, have 39).
   237 | D:1      | 237 ||| SHOPLISTING potion of resistance (140 gold, have
                  | 39).
   373 | D:1      | Reached XP level 3. HP: 11/18 MP: 4/4
   510 | D:1      | Found Vutop's Distillery.
   518 | D:1      | 518 ||| BUYING potion of curing (39 gold).
   518 | D:1      | Bought a potion of curing for 39 gold pieces
   518 | D:1      | 518 ||| SHOPLISTING potion of heal wounds (65 gold, have
                  | 9).
   518 | D:1      | 518 ||| SHOPLISTING potion of might (52 gold, have 9).
   766 | D:1      | 766 ||| READING scroll labelled FOESYDGHASI.
   771 | D:1      | 771 ||| READING scroll labelled NEKHLE NUAFEFUUPE.
   772 | D:1      | 772 ||| DROPPING scroll of butterflies.
  1045 | D:2      | 1045 ||| FLEEEEING.
  1046 | D:2      | 1046 ||| FLEEEEING.
  1047 | D:2      | 1047 ||| FLEEEEING.
  1048 | D:2      | 1048 ||| FLEEEEING.
  1049 | D:2      | 1049 ||| FLEEEEING.
  1115 | D:2      | 1115 ||| RETREEEEATING.
  1116 | D:2      | 1116 ||| FLEEEEING.
  1117 | D:2      | 1117 ||| FLEEEEING.
  1118 | D:2      | 1118 ||| FLEEEEING.
  1119 | D:2      | 1119 ||| FLEEEEING.
  1120 | D:2      | 1120 ||| FLEEEEING.
  1121 | D:2      | 1121 ||| FLEEEEING.
  1122 | D:2      | 1122 ||| FLEEEEING.
  1124 | D:2      | Reached XP level 4. HP: 12/22 MP: 5/5
  1126 | D:2      | 1126 ||| FLEEEEING.
  1127 | D:2      | 1127 ||| FLEEEEING.
  1128 | D:2      | 1128 ||| FLEEEEING.
  1130 | D:2      | 1130 ||| FLEEEEING.
  1131 | D:2      | 1131 ||| FLEEEEING.
  1132 | D:2      | 1132 ||| FLEEEEING.
  1133 | D:2      | 1133 ||| FLEEEEING.
  1134 | D:2      | 1134 ||| FLEEEEING.
  1135 | D:2      | 1135 ||| FLEEEEING.
  1136 | D:2      | 1136 ||| FLEEEEING.
  1137 | D:2      | 1137 ||| FLEEEEING.
  1138 | D:2      | 1138 ||| FLEEEEING.
  1139 | D:2      | 1139 ||| STAIRDANCE
  1168 | D:1      | 1168 ||| DRINKING 2 yellow potions.
  1526 | D:2      | 1526 ||| UPGRADING to +2 robe of willpower.
  1536 | D:2      | 1536 ||| DROPPING +0 robe.
  1609 | D:3      | Noticed Natasha
  1612 | D:3      | Killed Natasha
  1613 | D:3      | Reached XP level 5. HP: 26/26 MP: 6/6
  1798 | D:3      | 1798 ||| FLEEEEING.
  1799 | D:3      | 1799 ||| FLEEEEING.
  1972 | D:3      | Found a faded altar of an unknown god.
  2135 | D:3      | Noticed Natasha
  2141 | D:3      | Killed Natasha
  2321 | D:3      | 2321 ||| READING scroll of identify.
  2321 | D:3      | 2321 ||| IDENTIFYING fizzy grey potion
  2322 | D:3      | 2322 ||| DRINKING potion of experience.
  2322 | D:3      | Reached XP level 6. HP: 30/30 MP: 7/7
  2323 | D:3      | 2323 ||| READING scroll labelled BEICRA SORUKOXT.
  2324 | D:3      | 2324 ||| READING scroll labelled DEG GYATE XAN.
  2324 | D:3      | 2324 ||| BRANDING +0 shortbow.
  2325 | D:3      | 2325 ||| READING scroll labelled TIOLIMN YTOACOUZO.
  2603 | D:4      | Reached skill level 6 in Dodging
  2603 | D:4      | Reached XP level 7. HP: 35/35 MP: 8/8
  2660 | D:4      | You fall into a shaft and drop 2 floors!
  2772 | D:6      | Found a staircase to the Ecumenical Temple.
  2773 | D:6      | 2773 ||| PLANNING TEMPLE
  2796 | D:6      | Found a runed translucent gate.
  2797 | D:6      | Found a runed translucent gate.
  2797 | D:6      | Found a runed translucent gate.
  2799 | D:6      | Noticed qw's ghost (novice DEHu)
  2802 | D:6      | Noticed a kobold demonologist
  2964 | D:6      | 2964 ||| READING 2 scrolls of identify.
  2964 | D:6      | 2964 ||| IDENTIFYING bubbling brown potion
  2965 | D:6      | 2965 ||| READING scroll of identify.
  2965 | D:6      | 2965 ||| IDENTIFYING fuming dark potion
  2966 | D:6      | 2966 ||| READING scroll labelled CAOPSI JOATAI.
  2967 | D:6      | 2967 ||| READING 2 scrolls labelled ZOTADU QYMUR.
  2968 | D:6      | 2968 ||| DRINKING 2 white potions.
  2969 | D:6      | 2969 ||| DRINKING 2 ruby potions.
  2969 | D:6      | Gained mutation: You have large cloven feet. [potion of
                  | mutation]
  2969 | D:6      | Gained mutation: You possess an exceptional clarity of
                  | mind. [potion of mutation]
  2970 | D:6      | 2970 ||| DROPPING potion of attraction.
  2971 | D:6      | 2971 ||| DROPPING potion of degeneration.
  2972 | D:6      | 2972 ||| DROPPING scroll of immolation.
  2973 | D:6      | 2973 ||| DROPPING potion of ambrosia.
  2976 | D:6      | Found a broken altar of Ashenzari.
  2995 | D:6      | Found an ornate altar of the Wu Jian Council.
  3144 | D:6      | Reached skill level 3 in Fighting
  3224 | D:6      | Noticed Blork the orc
  3237 | D:6      | Killed Blork the orc
  3320 | D:6      | 3320 ||| READING 3 scrolls labelled ITZUSA BAPUHEJ.
  3421 | D:6      | 3421 ||| DROPPING 2 scrolls of vulnerability.
  3465 | D:7      | Reached XP level 8. HP: 40/40 MP: 9/9
  3481 | D:7      | 3481 ||| FLEEEEING.
  3482 | D:7      | 3482 ||| FLEEEEING.
  3483 | D:7      | 3483 ||| FLEEEEING.
  3484 | D:7      | 3484 ||| FLEEEEING.
  3909 | D:7      | 3909 ||| DROPPING amulet of magic regeneration.
  3910 | D:7      | 3910 ||| READING scroll of identify.
  3910 | D:7      | 3910 ||| IDENTIFYING glowing clear potion
  3911 | D:7      | 3911 ||| DROPPING potion of berserk rage.
  3932 | Temple   | Entered the Ecumenical Temple
  3933 | Temple   | 3933 ||| PLANNING D:1-11
  4005 | D:5      | Entered Level 5 of the Dungeon
  4043 | D:5      | Reached skill level 9 in Dodging
  4161 | D:5      | 4161 ||| RETREEEEATING.
  4224 | D:5      | 4224 ||| READING scroll of identify.
  4224 | D:5      | 4224 ||| IDENTIFYING lumpy emerald potion
  4319 | D:4      | Found Numn's Book Shop.
  4361 | D:4      | Found a shimmering blue altar of Sif Muna.
  4361 | D:4      | Found a stormy altar of Qazlal.
  4362 | D:4      | Found a hide-covered altar of Uskayaw.
  4701 | D:5      | Identified the +6 hand axe of Jiof Ethrelu {antimagic,
                  | rElec Will+ SInv}
  4962 | D:5      | Noticed Menkaure
  4969 | D:5      | Killed Menkaure
  5093 | D:5      | Reached XP level 9. HP: 44/44 MP: 10/10
  5266 | D:5      | 5266 ||| READING scroll labelled WUDWEYROTA.
  5462 | D:7      | 5462 ||| RETREEEEATING.
  5464 | D:7      | 5464 ||| RETREEEEATING.
  5466 | D:7      | 5466 ||| RETREEEEATING.
  5468 | D:7      | 5468 ||| RETREEEEATING.
  5479 | D:7      | 5479 ||| RETREEEEATING.
  5480 | D:7      | 5480 ||| RETREEEEATING.
  5481 | D:7      | 5481 ||| RETREEEEATING.
  5482 | D:7      | 5482 ||| RETREEEEATING.
  5483 | D:7      | 5483 ||| RETREEEEATING.
  5484 | D:7      | 5484 ||| RETREEEEATING.
  5485 | D:7      | 5485 ||| RETREEEEATING.
  5486 | D:7      | 5486 ||| RETREEEEATING.
  5601 | D:7      | Found a snail-covered altar of Cheibriados.
  5992 | D:7      | 5992 ||| DROPPING scarf of shadows.
  6045 | D:8      | Noticed Jeremiah
  6055 | D:8      | Killed Jeremiah
  6078 | D:8      | 6078 ||| FLEEEEING.
  6079 | D:8      | 6079 ||| FLEEEEING.
  6080 | D:8      | 6080 ||| FLEEEEING.
  6081 | D:8      | 6081 ||| FLEEEEING.
  6082 | D:8      | 6082 ||| FLEEEEING.
  6083 | D:8      | 6083 ||| FLEEEEING.
  6084 | D:8      | 6084 ||| FLEEEEING.
  6086 | D:8      | 6086 ||| FLEEEEING.
  6087 | D:8      | 6087 ||| FLEEEEING.
  6089 | D:8      | 6089 ||| FLEEEEING.
  6090 | D:8      | 6090 ||| FLEEEEING.
  6091 | D:8      | 6091 ||| FLEEEEING.
  6093 | D:8      | 6093 ||| FLEEEEING.
  6094 | D:8      | 6094 ||| FLEEEEING.
  6553 | D:8      | Found a flagged portal.
  6736 | D:8      | 6736 ||| RETREEEEATING.
  6739 | D:8      | 6739 ||| RETREEEEATING.
  6740 | D:8      | 6740 ||| RETREEEEATING.
  6744 | D:8      | Reached skill level 12 in Dodging
  6980 | D:8      | Found an iron altar of Okawaru.
  6981 | D:8      | 6981 ||| PLANNING OKAWARU WORSHIP
  6981 | D:8      | 6981 ||| READING scroll labelled NENKAPPA YWALY.
  7068 | D:8      | Became a worshipper of Warmaster Okawaru
  7069 | D:8      | 7069 ||| PLANNING D:1-11
  7073 | D:8      | Found a shimmering altar of Xom.
  7077 | D:8      | Found a hazy altar of Hepliaklqana.
  7337 | D:9      | Found an opulent altar of Gozag.
  7418 | D:9      | Found a glowing golden altar of the Shining One.
  7432 | D:9      | 7432 ||| RETREEEEATING.
  7434 | D:9      | 7434 ||| RETREEEEATING.
  7435 | D:9      | 7435 ||| RETREEEEATING.
  7437 | D:9      | Reached XP level 10. HP: 51/51 MP: 11/11
  7606 | D:9      | 7606 ||| RETREEEEATING.
  7616 | D:9      | Reached * piety under Okawaru
  7683 | D:9      | Paralysed by a hornet for 3 turns
  7685 | D:9      | HP: 5/51 [hornet (12)]
  7685 | D:9      | Slain by a hornet

Levels and vault maps discovered:
D:1:      roderic_crop_circles_arrival_small, layout_loops_ring, serial_shops,
          shop, shop
D:2:      layout_loops_ring
D:3:      layout_loops_ring, basic_ecumenical_altar, st_stairs_4, uniq_natasha
D:4:      layout_loops_ring, minitemple, serial_shops,
          nicolae_shop_back_alley_shop
D:5:      layout_loops_ring, kennysheep_cross_bottleneck, uniq_menkaure
D:6:      layout_loops_cross, nicolae_wu_jian_immortal_techniques,
          nicolae_ashenzari_skybound, minmay_temple_entry_from_below_a,
          gammafunk_ghost_nasty_kobolds, uniq_blork_the_orc
D:7:      layout_basic, mainiacjoe_overflow_surrounded_room
D:8:      layout_layer_cave, minmay_overflow_temple_star_quad, enter_bailey_2,
          minmay_fountain_box, uniq_jeremiah
D:9:      layout_basic, nicolae_gozag_seed_capital, bloody_makhleb,
          trog_antimagical, mainiacjoe_overflow_six_doors_small,
          erik_lair_orcish_takeover
Temple:   hellmonk_temple_rainy

Skill      XL: |  1  2  3  4  5  6  7  8  9 10 |
---------------+-------------------------------+-----
Dodging        | 3 4 5 6 7 10 12 13 | 13.3
Ranged Weapons | 5 13 | 13.0
Fighting       | 2 3 4 5 |  5.1
Stealth        | |  1.5
Invocations    | |  0.3

Action                     |  1- 3 |  4- 6 |  7- 9 | 10-12 || total
---------------------------+-------+-------+-------+-------++-------
   Fire: Shortbow          |   114 |   138 |   427 |   124 ||   803
    Use: Scroll            |     2 |     4 |     9 |       ||    15
         Potion            |       |     2 |     2 |       ||     4
 Armour: Robe              |     9 |    15 |    27 |    17 ||    68
  Dodge: Dodged            |    23 |    25 |   138 |    99 ||   285

Table legend:
 A = Non-vault XP
 B = Vault XP
 C = Vault XP percentage of total XP
 D = Non-vault monster count
 E = Vault monster count
 F = Vault count percentage of total count
                 A         B        C        D         E       F
            +---------+---------+-------+---------+---------+-------
      Total |    6335 |    1172 |  15.6 |     217 |      12 |   5.2
            +---------+---------+-------+---------+---------+-------
        D:1 |      60 |       0 |   0.0 |      28 |       0 |   0.0
        D:2 |      97 |       0 |   0.0 |      24 |       0 |   0.0
        D:3 |      80 |      39 |  32.8 |      20 |       3 |  13.0
        D:4 |     300 |       0 |   0.0 |      27 |       0 |   0.0
        D:5 |     801 |     154 |  16.1 |      23 |       1 |   4.2
        D:6 |     474 |      99 |  17.3 |      17 |       1 |   5.6
        D:7 |    1305 |       0 |   0.0 |      29 |       0 |   0.0
        D:8 |    1430 |     394 |  21.6 |      35 |       1 |   2.8
        D:9 |    1788 |     486 |  21.4 |      14 |       6 |  30.0
            +---------+---------+-------+---------+---------+-------
